 Dungeon Crawl Stone Soup version 0.25-a0-201-g0bb11aece9 (webtiles) character file.

Game seed: 4084481805507953907, levelgen mode: deterministic

337 Lanoc the Ruffian (level 6, -2/50 HPs)
             Began as a Draconian Transmuter on Dec 2, 2019.
             Slain by a centaur (5 damage)
             ... on level 5 of the Dungeon.
             The game lasted 00:07:22 (4237 turns).

Lanoc the Ruffian (Draconian Transmuter)            Turns: 4237, Time: 00:07:23

Health: -2/50      AC:  2    Str: 13    XL:     6   Next: 28%
Magic:  6/9        EV: 21    Int: 15    God:
Gold:   150        SH:  0    Dex: 16    Spells: 3/9 levels left

rFire    . . .     SeeInvis .     - Unarmed
rCold    . . .     Gourm    .   (shield currently unavailable)
rNeg     . . .     Faith    .   (armour unavailable)
rPois    x         Spirit   .   (helmet currently unavailable)
rElec    .         Reflect  .   (cloak currently unavailable)
rCorr    .         Harm     .   (gloves currently unavailable)
MR       .....                  (boots currently unavailable)
Stlth    +.........             n - amulet of inaccuracy (curse)
HPRegen  0.16/turn              (no ring)
MPRegen  0.11/turn              (no ring)

@: spider-form
A: tiny, unfitting armour, AC +6
a: End Transformation


You were on level 5 of the Dungeon.
You were not hungry.
You were a venomous arachnid creature.
You visited 1 branch of the dungeon, and saw 5 of its levels.

You collected 150 gold pieces.

Inventory:

Missiles
 a - 59 arrows
 h - 16 sling bullets
Armour
 q - a +0 shield
Jewellery
 j - an uncursed amulet of the acrobat
 n - a cursed amulet of inaccuracy (around neck)
Scrolls
 e - 2 scrolls of immolation
 m - 3 scrolls of identify
 o - a scroll of fear
 p - 2 scrolls of remove curse {unknown}
Potions
 g - a potion of lignification {unknown}
 i - a potion of might {unknown}
 k - a potion of flight
 l - a potion of mutation
Comestibles
 c - 5 rations


   Skills:
 + Level 2.9 Fighting
 + Level 2.9 Dodging
 * Level 4.7 Unarmed Combat
 - Level 2.0 Spellcasting
 * Level 4.1 Transmutations


You had 3 spell levels left.
You knew the following spells:

 Your Spells              Type           Power        Failure   Level  Hunger
a - Beastly Appendage     Tmut           ##....       13%         1    #......
b - Sticks to Snakes      Tmut           ##......     17%         2    ###....
c - Spider Form           Tmut/Pois      #.........   50%         3    ###....

Your spell library contained the following spells:

 Spells                   Type           Power        Failure   Level  Hunger
 Ice Form                 Ice/Tmut       #.......     85%         4    #####..
 Blade Hands              Tmut           ##........   89%         5    ######.


Dungeon Overview and Level Annotations

Branches:
Dungeon (5/15)
 Temple: D:4-7

Altars:


Innate Abilities, Weirdness & Mutations

((Your plain brown scales are hard. (AC +6)))
You cannot fit into any form of body armour.
((You are cold-blooded and may be slowed by cold attacks.))


Message History

It was a potion of magic.
Magic courses through your body. The centaur barely misses you.
Your ball python bites the centaur.
The leopard gecko bites you.
* * * LOW HITPOINT WARNING * * *
Casting: Sticks to Snakes (safe; 6% risk of failure)
Confirm with . or Enter, or press ? or * to list all spells.
Your talons disappear.
You turn into a venomous arachnid creature.
The centaur hits you.
* * * LOW HITPOINT WARNING * * *
Your ball python barely misses the centaur.
The leopard gecko completely misses you.
The centaur misses you.
Your ball python bites the centaur but does no damage.
You hit the centaur.
The centaur is moderately wounded.
The leopard gecko bites you.
* * * LOW HITPOINT WARNING * * *
The centaur hits you.
You die...

##### ####### #.cS#
#.....# #####s#.#
##.....# ...#l#S#
.......#######.#s#.#
....<.ZsOlS.(....#..
...###########.#####
.. #.....# . #####.#


You could see a centaur, a scorpion, a leopard gecko and a friendly ball python.

Vanquished Creatures
  A black bear (D:3)
  A scorpion (D:4)
  An orc priest (D:2)
  A centaur skeleton (D:4)
  An orc wizard (D:2)
  Robin (D:2)
  3 adders
  An ooze (D:2)
  3 worms
  A dart slug (D:2)
  A leopard gecko (D:1)
  4 orcs
  A ball python (D:1)
  4 giant cockroaches
  13 goblins
  8 hobgoblins
  3 jackals (D:3)
  7 bats
  9 frilled lizards
  7 kobolds
  8 rats
79 creatures vanquished.

Vanquished Creatures (collateral kills)
  A goblin (D:2)
1 creature vanquished.

Grand Total: 80 creatures vanquished

Notes
Turn   | Place    | Note
-------+----------+-------------------------------------------
     0 | D:1      | Lanoc the Draconian Transmuter began the quest for the Orb.
     0 | D:1      | Reached XP level 1. HP: 16/16 MP: 3/3
   234 | D:1      | Reached XP level 2. HP: 21/23 MP: 5/5
   423 | D:1      | Learned a level 2 spell: Sticks to Snakes
  1168 | D:2      | Reached XP level 3. HP: 28/28 MP: 6/6
  2164 | D:2      | Learned a level 3 spell: Spider Form
  2199 | D:2      | Noticed Robin
  2231 | D:2      | Reached XP level 4. HP: 31/36 MP: 5/7
  2386 | D:2      | Killed Robin
  2930 | D:3      | Noticed a black bear
  2945 | D:3      | Killed a black bear
  2945 | D:3      | Reached XP level 5. HP: 18/42 MP: 1/8
  3936 | D:4      | Reached XP level 6. HP: 32/50 MP: 7/9
  4197 | D:4      | HP: 1/50 [leopard gecko (3)]
  4211 | D:5      | Entered Level 5 of the Dungeon
  4232 | D:5      | HP: 2/50 [centaur (5)]
  4237 | D:5      | Slain by a centaur

Levels and vault maps discovered:
D:1:      dpeg_arrival_three_smaller_balls, layout_basic
D:2:      layout_basic, grunt_ministairs_14, corexii_shack, uniq_robin
D:3:      layout_rooms
D:4:      layout_basic, grunt_temple_overflow_open,
          minmay_temple_entry_proselytizer, small_statue_intersection,
          grunt_decor_arrowhead, amethyst_killhole
D:5:      layout_basic, nicolae_overflow_crystal_walls, zin_academy,
          first_ration

Skill      XL: |  1  2  3  4  5 |
---------------+----------------+-----
Dodging        | 2 |  2.9
Transmutations | 3 4 |  4.1
Fighting       | 2 |  2.9
Unarmed Combat | 4 |  4.7
Spellcasting   | |  2.0

Action                   |  1- 3 |  4- 6 || total
-------------------------+-------+-------++-------
Melee: Unarmed           |   150 |   183 ||   333
       Tailslap          |    15 |    20 ||    35
       Kick              |    11 |    14 ||    25
       Headbutt          |     6 |     8 ||    14
       Punch             |     1 |     1 ||     2
 Cast: Beastly Appendage |    13 |    16 ||    29
       Sticks to Snakes  |       |    11 ||    11
       Spider Form       |       |     1 ||     1
  Use: Scroll            |     4 |     2 ||     6
       Potion            |       |     5 ||     5
 Stab: Sleeping          |     2 |     1 ||     3
  Eat: Chunk             |     4 |     6 ||    10
       Ration            |       |     1 ||     1
Armor: Skin              |    42 |    57 ||    99
Dodge: Dodged            |    83 |   131 ||   214

Table legend:
 A = Non-vault XP
 B = Vault XP
 C = Vault XP percentage of total XP
 D = Non-vault monster count
 E = Vault monster count
 F = Vault count percentage of total count
                 A         B        C        D         E       F
            +---------+---------+-------+---------+---------+-------
      Total |     448 |      34 |   7.1 |      68 |      12 |  15.0
            +---------+---------+-------+---------+---------+-------
        D:1 |      24 |       2 |   7.7 |      15 |       1 |   6.2
        D:2 |     157 |      32 |  16.9 |      25 |      11 |  30.6
        D:3 |     161 |       0 |   0.0 |      24 |       0 |   0.0
        D:4 |     106 |       0 |   0.0 |       4 |       0 |   0.0
            +---------+---------+-------+---------+---------+-------
